 Dungeon Crawl Stone Soup version 0.18-a0-1577-gf591c28 (webtiles) character file.

5478 M4edhros the Geomancer (level 10, -16/44 HPs)
             Began as a Vine Stalker Earth Elementalist on Mar 19, 2016.
             Demolished by a hill giant
             ... wielding a +0 giant club
              (26 damage)
             ... on level 10 of the Dungeon.
             The game lasted 00:32:05 (46524 turns).

M4edhros the Geomancer (VSEE)                      Turns: 46524, Time: 00:32:06

Health: -16/44     AC: 16    Str:  9 (10) XL:     10   Next: 69%
Magic:  0/14       EV:  1    Int: 17 (19) God:    Xom [.*....]
Gold:   401        SH:  0    Dex: 17 (20) Spells: 3 memorised, 4 levels left

rFire  + . .     SeeInvis +     m - +8 spear "Rabaat" {speed, rF+ Int+3 Dex+4}
rCold  . . .     Gourm    +     i - +0 plate armour
rNeg   . . .     Faith    .     (no shield)
rPois  .         Spirit   +     (helmet restricted)
rElec  +         Dismiss  .     r - +2 cloak of Nyss {rElec Regen+ Int-2}
rCorr  .         Reflect  .     f - +0 pair of gloves
SustAt .         Harm     .     (no boots)
MR     +....                    N - amulet of the gourmand
Stlth  ..........               (no ring)
                                y - ring of see invisible

@: death channel, heavily drained, somewhat resistant to hostile enchantments,
extremely unstealthy
A: fangs 3, horns 1, slimy green scales 1, see invisible, blink, sense
surroundings 2, regeneration 2, screaming 1, electricity resistance, magic
shield, antimagic bite, no device heal 3, rot immunity
a: Blink, Renounce Religion


You were on level 10 of the Dungeon.
You worshipped Xom.
You were a plaything of Xom.
You were completely stuffed.

You visited 2 branches of the dungeon, and saw 11 of its levels.
You also visited: Sewer.

You collected 651 gold pieces.
You spent 250 gold pieces at shops.

Inventory:

Hand Weapons
 m - the +8 spear "Rabaat" (weapon) {speed, rF+ Int+3 Dex+4}
   (You found it on level 7 of the Dungeon)

   Attacks with this weapon are significantly faster.
   It affects your intelligence (+3).
   It affects your dexterity (+4).
   It protects you from fire.
 U - the +5 battleaxe of Might {drain, MP+9 Str+4}
   (Xom gifted it to you in the Ecumenical Temple)

   A truly terrible weapon, it drains the life of those it strikes.
   It affects your strength (+4).
   It affects your magic capacity (+9).
Missiles
 b - 387 stones (quivered)
 p - 14 steel sling bullets
 E - 33 sling bullets
 J - 8 needles of confusion
Armour
 f - a +0 pair of gloves (worn)
 i - a +0 plate armour (worn)
 r - the +2 cloak of Nyss (worn) {rElec Regen+ Int-2}
   (Xom gifted it to you in the Ecumenical Temple)

   It affects your intelligence (-2).
   It insulates you from electricity.
   It increases your rate of regeneration.
 D - a +1 leather armour of fire resistance
Jewellery
 o - an uncursed amulet of guardian spirit
 y - a ring of see invisible (left hand)
 L - an uncursed amulet of regeneration
 N - an amulet of the gourmand (around neck)
Wands
 s - a wand of disintegration (18/24)
 w - a wand of enslavement (2/24)
 M - a wand of lightning (4/15)
 P - a wand of flame (23/48)
 S - a wand of iceblast (7/15)
Scrolls
 g - 9 scrolls of teleportation
 h - a scroll of fog
 l - 8 scrolls of amnesia
 n - 5 scrolls of remove curse {unknown}
 t - 4 scrolls of blinking {unknown}
 u - 2 scrolls of magic mapping
 v - 4 scrolls of recharging
 x - 2 scrolls of fear
 B - 2 scrolls of enchant weapon
 C - 2 scrolls of noise
 O - a scroll of random uselessness
Potions
 e - 2 potions of curing
 j - a potion of brilliance {unknown}
 z - 2 potions of lignification
 A - a potion of resistance
 F - a potion of cancellation {unknown}
 G - 3 potions of flight {unknown}
 H - 2 potions of berserk rage {unknown}
 K - a potion of mutation {unknown}
 Q - 2 potions of might {unknown}
Books
 c - a book of Geomancy

   Spells                             Type                      Level
   a - Sandblast                      Earth                        1
   b - Passwall                       Transmutation/Earth          2
   c - Stone Arrow                    Conjuration/Earth            3
   d - Petrify                        Transmutation/Earth          4
   e - Lee's Rapid Deconstruction     Earth                        5
 I - a book of Cantrips

   Spells                             Type                      Level
   a - Corona                         Hexes                        1
   b - Animate Skeleton               Necromancy                   1
   c - Summon Small Mammal            Summoning                    1
   d - Apportation                    Translocation                1
 T - a book of Spatial Translocations

   Spells                             Type                      Level
   a - Apportation                    Translocation                1
   b - Blink                          Translocation                2
   c - Shroud of Golubria             Charms/Translocation         2
   d - Portal Projectile              Translocation                3
   e - Teleport Other                 Translocation                3
   f - Passage of Golubria            Translocation                4
Miscellaneous
 W - a phial of floods (inert)
Comestibles
 a - 4 bread rations
 d - 3 beef jerkies
 k - 4 fruits
 q - a meat ration
 R - a chunk of flesh
 Z - 7 slices of pizza


   Skills:
 + Level 5.3(3.9) Dodging
 - Level 2.4(1.1) Stealth
 - Level 11.0(9.4) Unarmed Combat
 - Level 2.1(0.9) Spellcasting
   Level 1.0(0.0) Transmutations
 + Level 11.8(10.2) Earth Magic


You had 4 spell levels left.
You knew the following spells:

 Your Spells              Type           Power        Failure   Level  Hunger
a - Sandblast             Erth           #####.       100%        1    ##.....
b - Lee's Rapid Deconstr  Erth           #####.....   100%        5    ######.
c - Stone Arrow           Conj/Erth      ###...       100%        3    ####...


Dungeon Overview and Level Annotations

Branches:
Dungeon (10/15)            Temple (1/1) D:7
   Lair: D:8-11         Orc: D:9-12

Altars:
Ashenzari
Dithmenos
Elyvilon
Fedhas
Gozag
Kikubaaqudgha
Makhleb
Nemelex Xobeh
Okawaru
Pakellas
Qazlal
Ru
Sif Muna
Trog
Vehumet
Xom
Yredelemnul
Zin
The Shining One

Shops:
D:6 %*[:

Annotations:
D:5 exclusion: statue
D:10 Uhlv's ghost, journeyman DDFi


Innate Abilities, Weirdness & Mutations

You have razor-sharp teeth.
You heal very quickly.
When hurt, damage is shared between your health and your magic reserves.
Your bite disrupts and absorbs the magic of your enemies.
Potions and wands cannot restore your health.
You are immune to rotting.
You have a pair of small horns on your head.
You are partially covered in slimy green scales (AC +2).
You have supernaturally acute eyesight.
You can translocate small distances at will.
You passively map the area around you.
You occasionally shout uncontrollably at your foes.
You are resistant to electric shocks.


Message History

You punch the hill giant.
The hill giant is heavily wounded.
The hill giant hits you with a giant club!!
Ouch! That really hurt!
A shower of butterflies erupts from you!
The hill giant misses your butterfly.
You puncture the hill giant!
The hill giant is heavily wounded.
A hungry ghost comes into view.
Xom guffaws.
Malign forces permeate your being, awaiting release.
You hit the hill giant. You bite the hill giant. You drain its power.
You feel invigorated.
The hill giant is heavily wounded.
The hill giant hits you with a giant club!!
* * * LOW HITPOINT WARNING * * *
The hill giant hits you with a giant club!!
Ouch! That really hurt!
You die...
Xom is highly amused!

, #.... ,* * *
#...# , , *
,,#...#######..,.#
, ,#...#.....#.#
.# ,,
#...#.....#.##.#
,,
,#...#.....#....#
,#...##.)..#....#
, ,
#...##..C.#....# ,
, #........@#....#
#.....b...'....# ,
, ######....#....#
*####....#....# ,,
.......W#....# ,
,,.......#....#
*.....b...#....#
,, ,
...##....#....# ,
...##....#....#


You could see a hill giant and a hungry ghost.

Vanquished Creatures
  A human (D:8)
  A hog (D:8)
  A hungry ghost (D:9)
  Eustachio (D:5)
  2 vampire mosquitoes (D:9)
  A porcupine (D:5)
  Purgy (Sewer)
  4 sky beasts
  An orc warrior (D:9)
  2 black bears
  A necrophage (D:8)
  2 phantoms (D:9)
  2 ogres
  2 centaurs
  2 big kobolds
  5 giant frogs
  7 scorpions
  4 killer bees (D:10)
  4 wights
  2 howler monkeys
  A centaur zombie (D:8)
  A giant frog zombie (D:5)
  3 crimson imps
  6 hounds
  2 jellies
  7 orc wizards
  2 orc priests
  A giant frog skeleton (D:9)
  2 hell rats (D:5)
  3 iguanas
  8 worker ants
  3 sheep (D:8)
  A killer bee zombie (D:5)
  A hound skeleton (D:6)
  2 worker ant zombies (D:7)
  Robin (D:2)
  8 adders
  4 river rats (D:5)
  3 shadow imps
  2 adder skeletons (D:8)
  5 worms
  A dart slug (D:2)
  7 giant geckos
  29 orcs
  3 ball pythons
  8 giant cockroaches
  20 goblins
  7 hobgoblins
  24 jackals
  4 quokkas
  4 bats
  A giant gecko skeleton (D:4)
  A giant gecko zombie (D:7)
  4 giant newts
  A jackal skeleton (D:8)
  17 kobolds
  A quokka skeleton (D:4)
  19 rats
  2 fungi (D:7)
265 creatures vanquished.

Vanquished Creatures (collateral kills)
  An orc warrior (D:9)
  A killer bee (D:10)
  4 wights
  An orc wizard (D:9)
  An orc (D:9)
8 creatures vanquished.

Vanquished Creatures (others)
  A crocodile (D:10)
  A giant frog zombie (D:9)
  4 fungi (D:7)
6 creatures vanquished.

Grand Total: 279 creatures vanquished

Notes
Turn   | Place    | Note
--------------------------------------------------------------
     0 | D:1      | M4edhros the Vine Stalker Earth Elementalist began the quest for the Orb.
     0 | D:1      | Reached XP level 1. HP: 9/9 MP: 4/4
    78 | D:1      | Reached skill level 1 in Unarmed Combat
   174 | D:1      | Reached XP level 2. HP: 4/13 MP: 3/6
   730 | D:2      | Reached XP level 3. HP: 16/16 MP: 7/7
   917 | D:2      | Noticed Robin
   930 | D:2      | Killed Robin
   936 | D:2      | Reached XP level 4. HP: 9/21 MP: 5/8
  1064 | D:2      | Found an iron altar of Okawaru.
  1064 | D:2      | Found a shimmering altar of Xom.
  1076 | D:2      | Became a worshipper of Xom the Capricious
  1144 | D:2      | Found an iron altar of Okawaru.
  1161 | D:2      | Found a sparkling altar of Nemelex Xobeh.
  1164 | D:2      | Found a blossoming altar of Fedhas.
  1243 | D:2      | Found an oddly glowing altar of Pakellas.
  1593 | D:2      | XOM: colour smoke trail
  1642 | D:3      | XOM: confuse monster(s)
  1644 | D:3      | Reached XP level 5. HP: 24/24 MP: 9/9
  1752 | D:3      | XOM: silly message
  2062 | D:3      | XOM: harmless Chrm miscast
  2388 | D:4      | XOM: smoke on damage
  2516 | D:4      | Noticed an ogre
  2521 | D:4      | XOM: harmless Divn miscast
  2526 | D:4      | Killed an ogre
  2526 | D:4      | Reached skill level 5 in Unarmed Combat
  2526 | D:4      | Gained mutation: You heal very quickly. [Vine Stalker growth]
  2526 | D:4      | Reached XP level 6. HP: 18/28 MP: 7/10
  2636 | D:4      | Found an opulent altar of Gozag.
  2814 | D:4      | XOM: divination: detect items
  3248 | D:5      | Entered Level 5 of the Dungeon
  3248 | D:5      | Noticed Eustachio
  3249 | D:5      | XOM: potion effect (brilliance)
  3254 | D:5      | XOM: potion effect (experience)
  3254 | D:5      | Reached skill level 10 in Unarmed Combat
  3254 | D:5      | Reached skill level 10 in Earth Magic
  3254 | D:5      | Reached XP level 7. HP: 29/32 MP: 8/11
  3258 | D:5      | XOM: harmless Hex miscast
  3272 | D:5      | Gained mutation: You have razor-sharp teeth. [Vine Stalker growth]
  3272 | D:5      | Reached XP level 8. HP: 22/36 MP: 6/12
  3275 | D:5      | XOM: potion effect (haste)
  3300 | D:5      | Killed Eustachio
  3312 | D:5      | XOM: vitrification
  3515 | D:5      | XOM: confuse monster(s)
  3532 | D:5      | XOM: vitrification
  3537 | D:5      | Gained mutation: Your spells are a little harder to cast, but a little more powerful. [mutagenic meat]
  3538 | D:5      | Gained mutation: You have supernaturally acute eyesight. [mutagenic meat]
  3547 | D:5      | Found a radiant altar of Vehumet.
  3637 | D:5      | XOM: polymorph ogre -> porcupine
  3639 | D:5      | XOM: divination: detect items
  3735 | D:5      | Found a glowing drain.
  3740 | Sewer    | Entered a sewer
  3850 | Sewer    | Noticed Purgy
  3862 | Sewer    | Killed Purgy
  4045 | D:5      | Reached XP level 9. HP: 37/39 MP: 11/13
  4347 | D:5      | XOM: scenery: 1 doors open
  4411 | D:6      | Learned a level 5 spell: Lee's Rapid Deconstruction
  4415 | D:6      | Learned a level 3 spell: Stone Arrow
  4523 | D:6      | Found Zeonus's Food Shop.
  4539 | D:6      | Bought a meat ration for 50 gold pieces
  4539 | D:6      | Bought a meat ration for 50 gold pieces
  4539 | D:6      | Bought a bread ration for 50 gold pieces
  4539 | D:6      | Bought a meat ration for 50 gold pieces
  4539 | D:6      | Bought a bread ration for 50 gold pieces
  4615 | D:6      | Found Waovyoni's Assorted Antiques.
  4709 | D:6      | Found Nolyv's Armour Shoppe.
  4769 | D:6      | Found Pimeamp's Book Shop.
  4971 | D:6      | Found a white marble altar of Elyvilon.
  5127 | D:6      | XOM: vitrification
  5177 | D:6      | XOM: summons 4 hostile demons
  5197 | D:6      | XOM: polymorph ufetubus -> ufetubus
  5420 | D:7      | Got a bloodstained spear
  5421 | D:7      | Identified the +8 spear "Rabaat" {speed, rF+ Int+3 Dex+4} (You found it on level 7 of the Dungeon)
  5445 | D:7      | Found a glowing golden altar of the Shining One.
  5514 | D:7      | Gained mutation: You are frail (-10% HP). [mutagenic meat]
  5516 | D:7      | Gained mutation: Your body sometimes deteriorates upon taking damage. [mutagenic meat]
  5517 | D:7      | Gained mutation: You are partially covered in large bone plates (AC +2, SH +2). [mutagenic meat]
  5687 | D:7      | XOM: medium Summ miscast
  5741 | D:7      | Found a staircase to the Ecumenical Temple.
  6214 | Temple   | Entered the Ecumenical Temple
  7233 | Temple   | XOM: give mutations
  7233 | Temple   | Gained mutation: You are agile. (Dex +2) [Xom's grace]
  7233 | Temple   | Gained mutation: You can translocate small distances at will. [Xom's grace]
  7233 | Temple   | Gained mutation: You are very agile. (Dex +4) [Xom's grace]
  7351 | Temple   | XOM: god gift: club {god gift}
  7633 | D:7      | XOM: noise
  7648 | D:7      | XOM: fog
  7656 | D:7      | XOM: repel stairs
  7662 | D:7      | XOM: harmless Fire miscast
  7686 | D:7      | XOM: blink monster(s)
  7709 | D:7      | XOM: chaos upgrade
  7728 | D:7      | XOM: chaos cloud
  7789 | D:7      | XOM: silly message
  7806 | D:7      | XOM: enchant monster (bad)
  7835 | D:7      | XOM: stat loss: -1 Int (19/21)
  7836 | D:7      | XOM: summons 3 friendly demons
  7871 | D:7      | XOM: confusion
  7897 | D:7      | XOM: chaos cloud
  7903 | D:7      | XOM: god gift: fluorescent wand {god gift}
  8056 | Temple   | XOM: give mutations
  8056 | Temple   | Gained mutation: You passively map a small area around you. [Xom's grace]
  8056 | Temple   | Gained mutation: You are partially covered in iridescent scales (AC +4). [Xom's grace]
  8056 | Temple   | Gained mutation: Your mind is acute. (Int +2) [Xom's grace]
  8094 | Temple   | XOM: god gift: leatherbound book {god gift}
  8318 | Temple   | XOM: 8-stop teleportation journey
  8485 | Temple   | XOM: god gift: scroll labeled WOLLAR HODA
  8533 | Temple   | XOM: give mutations
  8533 | Temple   | Gained mutation: You have a pair of small antennae on your head. [Xom's grace]
  8533 | Temple   | Gained mutation: Your muscles are strong. (Str +2) [Xom's grace]
  8667 | Temple   | XOM: 1-stop teleportation journey
  8706 | Temple   | XOM: summons 4 hostile demons
  8707 | Temple   | Noticed a rust devil
  8722 | D:7      | XOM: silly message
  8784 | D:7      | XOM: smoke on damage
  8812 | D:7      | XOM: summons 4 hostile demons
  8813 | D:7      | XOM: confusion
  8825 | D:7      | XOM: confusion
  9015 | D:7      | XOM: chaos upgrade
  9031 | D:7      | XOM: give mutations
  9031 | D:7      | Lost mutation: Your spells are a little harder to cast, but a little more powerful. [Xom's mischief]
  9031 | D:7      | Lost mutation: You are partially covered in large bone plates (AC +2, SH +2). [Xom's mischief]
  9031 | D:7      | Lost mutation: You have a pair of small antennae on your head. [Xom's mischief]
  9053 | D:7      | XOM: noise
  9072 | D:7      | XOM: potion effect (agility)
  9073 | D:7      | XOM: cast spell 'Call Canine Familiar'
  9075 | D:7      | XOM: blink monster(s)
  9077 | D:7      | XOM: summons friendly shadow imp
  9090 | D:7      | XOM: noise
  9114 | D:7      | XOM: potion effect (agility)
  9125 | D:7      | XOM: potion effect (magic)
  9137 | D:7      | XOM: harmless Necr miscast
  9149 | D:7      | XOM: vitrification
  9163 | D:7      | XOM: enchant monster (bad)
  9190 | D:7      | XOM: confusion
  9191 | D:7      | XOM: mild Tloc miscast
  9299 | D:7      | XOM: blink monster(s)
  9319 | D:7      | XOM: blink monster(s)
  9347 | D:7      | XOM: medium Ice miscast
  9358 | D:7      | XOM: blink monster(s)
  9370 | D:7      | XOM: summons 1 hostile demon
  9379 | D:7      | XOM: blink monster(s)
  9384 | D:7      | XOM: give mutations
  9384 | D:7      | Lost mutation: Your body sometimes deteriorates upon taking damage. [Xom's mischief]
  9384 | D:7      | Lost mutation: Your muscles are strong. (Str +2) [Xom's mischief]
  9384 | D:7      | Lost mutation: You are very agile. (Dex +4) [Xom's mischief]
  9411 | D:7      | XOM: confusion (+ monsters)
  9430 | D:7      | XOM: harmless Summ miscast
  9451 | D:7      | XOM: cast spell 'Ice Form'
  9460 | D:7      | XOM: cast spell 'Summon Mana Viper'
  9576 | Temple   | XOM: vitrification
  9610 | Temple   | XOM: colour smoke trail
  9741 | Temple   | XOM: give mutations
  9741 | Temple   | Lost mutation: You are frail (-10% HP). [Xom's grace]
  9741 | Temple   | Gained mutation: You are partially covered in molten scales (AC +1). [Xom's grace]
  9993 | Temple   | XOM: harmless Necr miscast
 10692 | Temple   | XOM: medium Erth miscast
 11155 | Temple   | XOM: harmless Erth miscast
 11228 | Temple   | XOM: colour smoke trail
 11485 | Temple   | XOM: scenery: create altars
 11517 | Temple   | XOM is BORED!
 11517 | Temple   | XOM: mild Tloc miscast
 11617 | Temple   | XOM: divination: detect creatures
 11724 | Temple   | XOM: noise
 11766 | Temple   | XOM: god gift: fuming sapphire potion
 11799 | Temple   | XOM: colour smoke trail
 11812 | Temple   | XOM: summons 4 hostile demons
 11875 | D:7      | XOM: summons 4 hostile demons
 11876 | D:7      | Noticed an orange demon
 12001 | Temple   | XOM: mild Pois miscast
 12410 | Temple   | XOM: give mutation
 12410 | Temple   | Lost mutation: You are agile. (Dex +2) [Xom's mischief]
 13101 | Temple   | XOM: give mutations
 13101 | Temple   | Lost mutation: You are partially covered in molten scales (AC +1). [Xom's mischief]
 13101 | Temple   | Gained mutation: You are weak. (Str -2) [Xom's mischief]
 13486 | Temple   | XOM: noise
 13488 | Temple   | XOM: noise
 13557 | Temple   | XOM: harmless Ice miscast
 13743 | Temple   | XOM: colour smoke trail
 13789 | Temple   | XOM is BORED!
 13789 | Temple   | XOM: medium Divn miscast
 17378 | Temple   | XOM is BORED!
 17378 | Temple   | XOM: medium Summ miscast
 17379 | Temple   | Noticed a hellwing
 18292 | Temple   | XOM: noise
 18403 | Temple   | XOM: colour smoke trail
 18445 | Temple   | XOM is BORED!
 18445 | Temple   | XOM: noise
 18596 | Temple   | XOM: god gift: metal-bound book {god gift}
 18763 | Temple   | XOM: divination: detect creatures
 18974 | Temple   | XOM: cast spell 'Necromutation'
 19898 | Temple   | XOM: god gift: 8 needles of confusion
 20489 | Temple   | XOM: vitrification
 20537 | Temple   | XOM: god gift: heavily runed cloak {god gift}
 20538 | Temple   | Got a heavily runed cloak {god gift}
 20549 | Temple   | Identified the +2 cloak of Nyss {rElec Regen+ Int-2} (Xom gifted it to you in the Ecumenical Temple)
 20843 | Temple   | XOM is BORED!
 20843 | Temple   | XOM: draining
 20979 | Temple   | XOM: vitrification
 21223 | Temple   | XOM: god gift: dazzling battleaxe {god gift}
 21224 | Temple   | Got a dazzling battleaxe {god gift}
 21225 | Temple   | Identified the +5 battleaxe of Might {drain, MP+9 Str+4} (Xom gifted it to you in the Ecumenical Temple)
 21278 | Temple   | XOM: god gift: 9 royal jellies
 21645 | Temple   | XOM: divination: detect creatures
 21772 | Temple   | XOM: 1-stop teleportation journey
 21811 | Temple   | XOM: 5-stop teleportation journey
 22183 | Temple   | XOM: god gift: phial of floods
 22205 | Temple   | XOM: harmless Chrm miscast
 23790 | Temple   | XOM: silly message
 23870 | Temple   | XOM: god gift: bread ration
 23927 | Temple   | XOM is BORED!
 23927 | Temple   | XOM: medium Hex miscast
 24672 | Temple   | XOM: god gift: great sword {god gift}
 25566 | Temple   | XOM: harmless Fire miscast
 25963 | Temple   | XOM: god gift: cloak {god gift}
 26162 | Temple   | XOM is BORED!
 26162 | Temple   | XOM: noise
 26465 | Temple   | XOM: 2-stop teleportation journey
 26833 | Temple   | XOM: god gift: bubbling white potion
 27858 | Temple   | XOM: god gift: 41 gold pieces
 28515 | Temple   | XOM: give mutations
 28515 | Temple   | Gained mutation: You are resistant to hostile enchantments. [Xom's grace]
 28515 | Temple   | Gained mutation: Your spells are a little harder to cast, but a little more powerful. [Xom's grace]
 28515 | Temple   | Gained mutation: You have a pair of small antennae on your head. [Xom's grace]
 28882 | Temple   | XOM: god gift: scroll labeled WEMADW YRYI
 28948 | Temple   | XOM is BORED!
 28948 | Temple   | XOM: noise
 29206 | Temple   | XOM: give mutations
 29206 | Temple   | Gained mutation: You are partially covered in molten scales (AC +1). [Xom's grace]
 29206 | Temple   | Gained mutation: You are partially covered in slimy green scales (AC +2). [Xom's grace]
 29206 | Temple   | Gained mutation: You are somewhat resistant to further mutation. [Xom's grace]
 29206 | Temple   | Gained mutation: You are resistant to electric shocks. [Xom's grace]
 29286 | Temple   | XOM is BORED!
 29286 | Temple   | XOM: noise
 29500 | Temple   | XOM: torment (28/39 hp)
 30487 | Temple   | XOM: give mutations
 30487 | Temple   | Lost mutation: You are partially covered in molten scales (AC +1). [Xom's mischief]
 30487 | Temple   | Lost mutation: Your spells are a little harder to cast, but a little more powerful. [Xom's mischief]
 30566 | Temple   | XOM: harmless Trmt miscast
 30800 | Temple   | XOM: mild Trmt miscast
 30849 | Temple   | XOM: give mutation
 30849 | Temple   | Lost mutation: You are resistant to hostile enchantments. [Xom's mischief]
 31355 | Temple   | XOM: 1-stop teleportation journey
 31445 | Temple   | XOM: harmless Summ miscast
 32301 | Temple   | XOM: 4-stop teleportation journey
 32540 | Temple   | XOM: harmless Trmt miscast
 32967 | Temple   | XOM: silly message
 33324 | Temple   | XOM: severe Fire miscast
 33348 | Temple   | XOM: mild Erth miscast
 33390 | Temple   | XOM: colour smoke trail
 33514 | Temple   | XOM is BORED!
 33514 | Temple   | XOM: give mutations
 33514 | Temple   | Lost mutation: You are somewhat resistant to further mutation. [Xom's mischief]
 33514 | Temple   | Lost mutation: You are weak. (Str -2) [Xom's mischief]
 33514 | Temple   | Gained mutation: You are robust (+10% HP). [Xom's mischief]
 33514 | Temple   | Lost mutation: You have a pair of small antennae on your head. [Xom's mischief]
 33981 | Temple   | XOM: harmless Hex miscast
 35208 | Temple   | XOM: 2-stop teleportation journey
 35266 | Temple   | XOM: 3-stop teleportation journey
 35332 | Temple   | XOM: god gift: blowgun {god gift}
 36049 | Temple   | XOM: noise
 37009 | Temple   | XOM: give mutations
 37009 | Temple   | Gained mutation: You occasionally shout uncontrollably at your foes. [Xom's mischief]
 37009 | Temple   | Lost mutation: You are partially covered in iridescent scales (AC +4). [Xom's mischief]
 37249 | Temple   | XOM: 11-stop teleportation journey
 37480 | Temple   | XOM is BORED!
 37480 | Temple   | XOM: noise
 38337 | Temple   | XOM: silly message
 38772 | Temple   | XOM: harmless Summ miscast
 39128 | Temple   | XOM: noise
 39213 | Temple   | XOM: give mutations
 39213 | Temple   | Lost mutation: You are robust (+10% HP). [Xom's mischief]
 39213 | Temple   | Gained mutation: You have a pair of small horns on your head. [Xom's mischief]
 39213 | Temple   | Lost mutation: Your mind is acute. (Int +2) [Xom's mischief]
 39242 | Temple   | XOM: mild Pois miscast
 39577 | Temple   | XOM: harmless Conj miscast
 39722 | Temple   | XOM is BORED!
 39722 | Temple   | XOM: mild Erth miscast
 40022 | Temple   | XOM: harmless Ice miscast
 40231 | Temple   | XOM is BORED!
 40231 | Temple   | XOM: mild Conj miscast
 40390 | Temple   | XOM: harmless Divn miscast
 40459 | Temple   | XOM: stat loss: -1 Dex (11/16)
 41068 | Temple   | XOM: give mutation
 41068 | Temple   | Gained mutation: You passively map the area around you. [Xom's mischief]
 41564 | Temple   | XOM: colour smoke trail
 41711 | Temple   | XOM: harmless Divn miscast
 41787 | Temple   | XOM: 1-stop teleportation journey
 41828 | Temple   | XOM: harmless Summ miscast
 41943 | Temple   | XOM: silly message
 42041 | Temple   | XOM: harmless Tloc miscast
 42164 | Temple   | XOM: harmless Trmt miscast
 42227 | Temple   | XOM: 2-stop teleportation journey
 42228 | Temple   | XOM: noise
 42510 | D:7      | Found a shattered altar of Ashenzari.
 42698 | D:8      | XOM: potion effect (haste)
 43343 | D:7      | XOM: harmless Erth miscast
 43348 | D:7      | XOM: mild Conj miscast
 43632 | D:8      | Found a sparkling altar of Nemelex Xobeh.
 43748 | D:8      | XOM: mild Hex miscast
 44041 | D:8      | Reached XP level 10. HP: 40/44 MP: 14/14
 44053 | D:8      | Found a shadowy altar of Dithmenos.
 44145 | D:9      | Found a bloodstained altar of Trog.
 44164 | D:9      | XOM: medium Ice miscast
 44171 | D:9      | XOM: enchant monster (bad)
 44231 | D:9      | Found a stormy altar of Qazlal.
 44256 | D:9      | XOM: confusion
 44266 | D:9      | XOM: divination: detect creatures
 44267 | D:9      | XOM: noise
 44272 | D:9      | XOM: confuse monster(s)
 44304 | D:9      | XOM: cast spell 'Summon Butterflies'
 44477 | D:9      | XOM: divination: magic mapping
 44479 | D:9      | XOM: silly message
 44666 | D:9      | XOM: harmless Trmt miscast
 44756 | D:9      | XOM: potion effect (agility)
 44821 | D:9      | XOM: mild Trmt miscast
 45006 | D:9      | Found a deep blue altar of Sif Muna.
 45021 | D:9      | XOM: mild Trmt miscast
 45125 | D:10     | Entered Level 10 of the Dungeon
 45205 | D:8      | Reached skill level 5 in Dodging
 45346 | D:8      | XOM: harmless Tloc miscast
 45408 | D:8      | XOM: vitrification
 45531 | D:8      | XOM is BORED!
 45531 | D:8      | XOM: mild Pois miscast
 45910 | D:8      | XOM: scenery: 4 doors close
 46098 | D:8      | XOM: confusion (+ monsters)
 46177 | D:10     | XOM: blink monster(s)
 46233 | D:10     | XOM: enchant monster (bad)
 46425 | D:10     | Noticed Uhlv's ghost (journeyman DDFi)
 46433 | D:10     | XOM: silly message
 46448 | D:10     | XOM: enchant monster (good)
 46509 | D:10     | Noticed a hill giant
 46514 | D:10     | XOM: butterfly on damage
 46521 | D:10     | XOM: cast spell 'Death Channel'
 46524 | D:10     | Demolished by a hill giant

Vault maps used:
D:1:      minmay_arrival_wavy_path
D:2:      kennysheep_goblin_castle, nicolae_overflow_hidden_temple, minitemple,
          minmay_splitting_lines, okawaru_trees_1
D:4:      nicolae_gozag_seed_capital
D:5:      lemuel_ratsnest, vehumet_statue, gup_sewer_entry_bowl, first_bread,
          uniq_eustachio
D:6:      elyvilon_altar_3, serial_shops, shop, nicolae_shop_statue_plus, shop,
          shop_fountains, minmay_misc_feat_roman
D:7:      lemuel_coloured_pillars_altar, lemuel_round_altar,
          minmay_temple_entry_overgrown, minmay_gold_behind_fungi
D:8:      marbit_many_paths, grunt_livestock, nemelex_diamond_rough_becter
D:9:      kennysheep_orc_sif_temple, grunt_qazlal_clouds,
          nicolae_overflow_crystal_walls
Temple:   nicolae_temple_hex_pool
Sewer:    kennysheep_door_sewer

Skill      XL: |  1  2  3  4  5  6  7  8  9 10 |
---------------+-------------------------------+-----
Unarmed Combat | 1 2 3 5 10 11 | 11.0
Earth Magic    | 4 10 11 | 11.8
Dodging        | 3 5 |  5.3
Stealth        | |  2.4
Spellcasting   | |  2.1
Transmutations | |  1.0

Action                   |  1- 3 |  4- 6 |  7- 9 | 10-12 || total
-------------------------+-------+-------+-------+-------++-------
Melee: Unarmed           |    87 |       |   110 |       ||   197
       Whip              |    46 |   208 |   143 |       ||   397
       Battleaxe         |       |       |   110 |    19 ||   129
       Spear             |       |       |   108 |   281 ||   389
Evoke: Wand              |       |       |       |     6 ||     6
       Phial of floods   |       |       |       |     1 ||     1
  Use: Potion            |     1 |     3 |     2 |     4 ||    10
       Scroll            |       |       |       |    11 ||    11
 Stab: Sleeping          |     2 |       |     7 |       ||     9
       Distracted        |       |       |     1 |       ||     1
       Confused          |       |       |       |     1 ||     1
  Eat: Chunk             |       |     6 |    34 |    22 ||    62
       Beef jerky        |       |       |     2 |       ||     2
       Royal jelly       |       |       |    11 |       ||    11
       Bread ration      |       |       |    10 |       ||    10
       Meat ration       |       |       |     6 |       ||     6
       Fruit             |       |       |     2 |       ||     2
       Pizza             |       |       |     2 |       ||     2
